 Dungeon Crawl Stone Soup version 0.24-a0-446-g87df7205b4 (webtiles) character file.

Game seed: 7604239220047795652

25 theanonym the Cudgeler (level 2, -1/22 HPs)
             Began as a Mummy Warper on June 24, 2019.
             Slain by Terence
             ... wielding a +0 falchion
              (2 damage)
             ... on level 2 of the Dungeon.
             The game lasted 00:01:05 (1284 turns).

theanonym the Cudgeler (Mummy Warper)               Turns: 1284, Time: 00:01:06

Health: -1/22      AC:  3    Str: 14    XL:     2   Next: 86%
Magic:  5/5        EV: 11    Int: 12    God:
Gold:   80         SH:  0    Dex: 11    Spells: 6/6 levels left

rFire    x . .     SeeInvis .   a - +0 mace
rCold    + . .     Gourm    .   (no shield)
rNeg     + + +     Faith    .   b - +0 leather armour
rPois    ∞         Spirit   .   (no helmet)
rElec    .         Reflect  .   (no cloak)
rCorr    .         Harm     .   (no gloves)
MR       .....                  (no boots)
Stlth    +.........             (no amulet)
HPRegen  0.07/turn              (no ring)
MPRegen  0.09/turn              (no ring)

@: no status effects
A: no food or potions, fire vulnerability, cold resistance 1, negative energy
resistance 3, torment resistance, unbreathing
a: no special abilities


Innate Abilities, Weirdness & Mutations

You do not eat or drink.
Your flesh is vulnerable to fire.
You are immune to poison.
Your flesh is cold resistant. (rC+)
You are immune to negative energy. (rN+++)
You are immune to unholy pain and torment.
You can survive without breathing.


   Skills:
 - Level 2.0 Fighting
 + Level 2.8 Maces & Flails
 - Level 0.7 Throwing
 - Level 0.7 Armour
 - Level 1.5 Dodging
 - Level 2.6 Spellcasting
   Level 2.4 Translocations


You had 6 spell levels left.
You didn't know any spells.
Your spell library contained the following spells:

 Spells                   Type           Power        Failure   Level  Hunger
 Blink                    Tloc           N/A          19%         2    N/A
 Shroud of Golubria       Chrm/Tloc      #.....       30%         2    N/A
 Gell's Gravitas          Tloc           #.........   34%         3    N/A
 Lesser Beckoning         Tloc           #.........   34%         3    N/A
 Teleport Other           Tloc           #.......     34%         3    N/A
 Passage of Golubria      Tloc           N/A          75%         4    N/A

Skill      XL: |  1 |
---------------+----+-----
Maces & Flails | 2 |  2.8
Fighting       | |  2.0
Throwing       | |  0.7
Armour         | |  0.7
Dodging        | |  1.5
Spellcasting   | |  2.6
Translocations | |  2.4

Action                   || total
-------------------------++-------
Melee: Mace              ||   112
Throw: Boomerang         ||     4
Armor: Leather armour    ||    28
Dodge: Dodged            ||    77

Inventory:

Hand Weapons
 a - a +0 mace (weapon)
Missiles
 e - a boomerang of dispersal (quivered)
Armour
 b - a +0 leather armour (worn)
Scrolls
 c - a scroll of remove curse {unknown}
 d - a scroll of identify {unknown}
 B - a scroll of blinking


You were on level 2 of the Dungeon.
You were not hungry.

You visited 1 branch of the dungeon, and saw 2 of its levels.

You collected 80 gold pieces.

Dungeon Overview and Level Annotations

Branches:
Dungeon (2/15)

Altars:

Annotations:
D:2 Terence

+.........' #..
#.........# #..
#.......## #.#
##.....## #.#
##...## #.# ##'##
#.# #.# ###
#@##########.# #..
#@........##.###.#
#..######.#...##.#
#..# #............
#..# #<##.#...##.#
#..# #.##.##.###..
#... ..##.#### ###
##........# #
##########


You could see Terence.

Notes
Turn   | Place    | Note
-------+----------+-------------------------------------------
     0 | D:1      | theanonym the Mummy Warper began the quest for the Orb.
     0 | D:1      | Reached XP level 1. HP: 16/16 MP: 4/4
    72 | D:1      | Reached skill level 2 in Maces & Flails
   168 | D:1      | HP: 8/16 [jackal (1)]
   174 | D:1      | Reached XP level 2. HP: 11/22 MP: 5/5
   602 | D:1      | HP: 11/22 [kobold/+0 short sword of protection (3)]
   749 | D:1      | You fall into a shaft and drop 1 floor!
  1257 | D:2      | Noticed Terence
  1276 | D:2      | HP: 8/22 [Terence/+0 falchion (5)]
  1280 | D:2      | HP: 1/22 [Terence/+0 falchion (3)]
  1284 | D:2      | Slain by Terence

Vanquished Creatures
  A leopard gecko (D:1)
  A giant cockroach (D:1)
  3 goblins
  5 hobgoblins
  2 jackals (D:1)
  A bat (D:1)
  2 frilled lizards
  2 kobolds
  6 rats
23 creatures vanquished.

Table legend:
 A = Turns spent in this place as a percentage of turns spent in the entire game.
 B = Non-inter-level travel turns spent in this place as a percentage of non-inter-level travel turns spent in the entire game.
 C = Inter-level travel turns spent in this place as a percentage of turns spent in this place.
 D = Turns resting spent in this place as a percentage of non-inter-level travel turns spent in this place.
 E = Turns spent auto-exploring this place as a percentage of non-inter-level travel turns spent in this place.
 F = Non-inter-level travel turns spent in this place divided by the number of levels of this place that you've seen.
                   A       B       C       D       E      F
               +-------+-------+-------+-------+-------+----------------------
         Total | 100.0 | 100.0 |   4.0 |  36.2 |  48.9 | 616.0
       Dungeon | 100.0 | 100.0 |   4.0 |  36.2 |  48.9 | 616.0
               +-------+-------+-------+-------+-------+----------------------
